 Dungeon Crawl Stone Soup version 0.31.0 (webtiles) character file.

Game seed: 2837086779258090133

789 qw the Shooter (level 7, -5/44 HPs)
             Began as a Gargoyle Hunter on Jan 19, 2024.
             Was a Follower of Okawaru.
             Killed by divine providence
             ... invoked by an orc priest
              (13 damage)
             ... on level 5 of the Dungeon.
             The game lasted 00:00:25 (2852 turns).

qw the Shooter (Gargoyle Hunter)                    Turns: 2852, Time: 00:00:25

Health: -5/44      AC: 16    Str: 14    XL:     7   Next: 87%
Magic:  7/7        EV: 17    Int: 10    God:    Okawaru [*.....]
Gold:   192        SH:  0    Dex: 15    Spells: 6/6 levels left

rFire   + . .        a - +1 shortbow
rCold   + . .        (shield currently unavailable)
rNeg    + . .        c - +0 leather armour
rPois   inf          i - +1 helmet
rElec   +            j - scarf {rC+ rF+}
rCorr   .            f - +1 pair of gloves
SInv    .            (no boots)
Will    .....        (no amulet)
Stlth   ++           p - +5 ring of evasion
HPRegen 0.27/turn    m - +4 ring of protection
MPRegen 0.10/turn

%: no passive effects
@: no status effects
A: sickness immunity, AC +4, negative energy resistance 1, electricity
resistance, torment resistance 1, petrification resistance
a: Renounce Religion, Heroism


You were on level 5 of the Dungeon.
You worshipped Okawaru.
Okawaru was aware of your devotion.
You visited 2 branches of the dungeon, and saw 6 of its levels.

You collected 192 gold pieces.


Innate Abilities, Weirdness & Mutations

You are immune to sickness and miasma.
Your stone body is resilient. (AC +4)
You are immune to poison.
You resist negative energy. (rN+)
You are resistant to electric shocks. (rElec)
You are resistant to unholy torment.
You are immune to petrification.


   Skills:
 - Level 5.4 Fighting
 + Level 7.3 Ranged Weapons
 - Level 2.0 Armour
 - Level 2.6 Dodging
 - Level 1.1 Stealth
 + Level 1.2 Invocations


You had 6 spell levels left.
You didn't know any spells.
Your spell library was empty.

Inventory:

Hand Weapons
 a - a +1 shortbow (weapon)
Armour
 c - a +0 leather armour (worn)
 f - a +1 pair of gloves (worn)
 h - a +0 cloak
 i - a +1 helmet (worn)
 j - a scarf of resistance (worn)
Jewellery
 m - a +4 ring of protection (right hand)
 p - a +5 ring of evasion (left hand)
 Y - a ring of protection from fire
Wands
 o - a wand of polymorph (9)
Potions
 b - a potion of enlightenment
 d - a potion of brilliance {unknown}
 e - a potion of ambrosia {unknown}
 g - a potion of invisibility {unknown}
 k - a potion of haste
 l - a potion of resistance {unknown}
 n - a potion of heal wounds {unknown}

Dungeon Overview and Level Annotations

Branches:
Dungeon (5/15)             Temple (1/1) D:4

Altars:
Ashenzari
Cheibriados
Elyvilon
Fedhas
Gozag
Hepliaklqana
Kikubaaqudgha
Makhleb
Okawaru
Qazlal
Sif Muna
Trog
Uskayaw
Yredelemnul
Zin

Shops:
D:1 =

Annotations:
D:3 1 runed translucent door, Crazy Yiuf


Message History

The arrow hits the orc warrior but does no damage.
The orc warrior is almost dead.
The gnoll barely misses you.
The orc warrior hits you with a +0 long sword!
The gnoll closely misses you.
Enter note: You shoot an arrow.
The arrow hits the orc warrior.
The orc warrior is almost dead.
The orc warrior barely misses you. The gnoll misses you.
The gnoll closely misses you. The gnoll hits you but does no damage.
Enter note:
2846 ||| RETREEEEATING.
The orc warrior closely misses you. The gnoll closely misses you.
The gnoll hits you but does no damage. The gnoll misses you.
Enter note:
2847 ||| RETREEEEATING.
The orc priest invokes the aid of Beogh against you.
Beogh smites you! The gnoll barely misses you.
The gnoll hits you but does no damage. The gnoll hits you with a +0 flail.
Enter note:
2848 ||| RETREEEEATING.
The gnoll attacks as it pursues you! The gnoll closely misses you. x3
The orc priest invokes the aid of Beogh against you.
Beogh smites you!
Enter note:
2849 ||| RETREEEEATING.
Enter note:
2850 ||| RETREEEEATING.
The orc priest miscasts a cantrip.
The gnoll misses you. x2
Things that are here:
a +0 club; a +0 scale mail; an orc corpse
Enter note:
2851 ||| RETREEEEATING.
You shoot an arrow. The arrow hits the orc warrior!
You kill the orc warrior!
Okawaru is honoured by your kill.
The orc priest invokes the aid of Beogh against you.
Beogh smites you!
You die...

####.............<.#
.......>..............
#...#.............####
##.................# #
##..................#
#...................#
#..................#
#............####### .
#....#@....### ..
#.###)......# #.
#..gg....##.#
####.#.go....###...
........g......####..
..#.##..........# ##
.<..............#
.......!........#
...........(.......


You could see an orc priest and 2 gnolls.

Vanquished Creatures
  Sigmund (D:3)
  An acid dragon (D:4)
  A water moccasin (D:5)
  An orc warrior (D:5)
  2 scorpions
  A howler monkey (D:5)
  A bombardier beetle (D:3)
  Jessica (D:2)
  An iguana (D:4)
  Natasha (thrice) (D:3)
  5 dart slugs
  6 ribbon worms
  2 orcs
  7 ball pythons
  A bat (D:3)
  7 endoplasms
  6 giant cockroaches
  8 goblins
  7 hobgoblins
  3 jackals (D:4)
  2 quokkas
  3 frilled lizards
  A kobold (D:2)
  7 rats
78 creatures vanquished.

Notes
Turn   | Place    | Note
-------+----------+-------------------------------------------
     0 | D:1      | qw the Gargoyle Hunter began the quest for the Orb.
     0 | D:1      | Reached XP level 1. HP: 12/12 MP: 1/1
     0 | D:1      | 0 ||| qw: Version: 0.3-a-132-g3d54051
     0 | D:1      | 0 ||| qw: Game counter: 70
     0 | D:1      | 0 ||| qw: Melee chars always use a shield: true
     0 | D:1      | 0 ||| qw: God list: Okawaru
     0 | D:1      | 0 ||| qw: Allow faded altars: false
     0 | D:1      | 0 ||| qw: Do Orc after clearing Dungeon:15 true
     0 | D:1      | 0 ||| qw: Do second Lair branch before Depths: true
     0 | D:1      | 0 ||| qw: Lair rune preference: random
     0 | D:1      | 0 ||| qw: Goals: Normal
     0 | D:1      | 0 ||| PLANNING D:1-11
   129 | D:1      | Found Dotump's Jewellery Shop.
   141 | D:1      | 141 ||| SHOPLISTING amulet of regeneration (300 gold, have
                  | 6).
   141 | D:1      | 141 ||| SHOPLISTING amulet of the acrobat (300 gold, have
                  | 6).
   141 | D:1      | 141 ||| SHOPLISTING ring of Agab {rElec rF+ Int+3 Dex+2}
                  | (495 gold, have 6).
   141 | D:1      | 141 ||| SHOPLISTING ring of ice (250 gold, have 6).
   141 | D:1      | 141 ||| SHOPLISTING ring of positive energy (200 gold, have
                  | 6).
   141 | D:1      | 141 ||| SHOPLISTING ring of see invisible (150 gold, have
                  | 6).
   174 | D:1      | Reached XP level 2. HP: 17/17 MP: 2/2
   328 | D:1      | Found a faded altar of an unknown god.
   456 | D:1      | 456 ||| UPGRADING to +4 ring of protection.
   457 | D:1      | 457 ||| READING scroll labelled JIL ILULLO.
   458 | D:1      | 458 ||| READING scroll labelled JESAAXTUHIR.
   458 | D:1      | 458 ||| ENCHANTING +0 shortbow.
   459 | D:1      | 459 ||| READING scroll labelled KAUCEI NIENT.
   462 | D:1      | 462 ||| DROPPING scroll of butterflies.
   482 | D:2      | 482 ||| STAIRDANCE
   498 | D:2      | 498 ||| STAIRDANCE
   520 | D:2      | Noticed Jessica
   522 | D:2      | Killed Jessica
   523 | D:2      | Reached skill level 5 in Ranged Weapons
   523 | D:2      | Reached XP level 3. HP: 21/21 MP: 3/3
   926 | D:2      | Reached XP level 4. HP: 27/27 MP: 4/4
   970 | D:2      | 970 ||| UPGRADING to +6 ring of strength.
   971 | D:2      | 971 ||| READING scroll labelled ILLAFIT QETZ.
   972 | D:2      | 972 ||| READING scroll labelled FABBAMYMUMP.
   972 | D:2      | 972 ||| IDENTIFYING bubbling golden potion
   973 | D:2      | 973 ||| READING scroll labelled VOCOCE DAGUFUL.
   974 | D:2      | 974 ||| READING scroll labelled ILONOGHIRR.
  1029 | D:3      | Found a broken altar of Ashenzari.
  1057 | D:3      | Reached skill level 3 in Fighting
  1086 | D:3      | Noticed Natasha
  1089 | D:3      | 1089 ||| RETREEEEATING.
  1090 | D:3      | 1090 ||| RETREEEEATING.
  1100 | D:3      | Killed Natasha
  1101 | D:3      | 1101 ||| FLEEEEING.
  1267 | D:3      | 1267 ||| FLEEEEING.
  1348 | D:3      | Found a runed translucent door.
  1349 | D:3      | Noticed Crazy Yiuf
  1403 | D:3      | Reached skill level 6 in Ranged Weapons
  1403 | D:3      | Reached XP level 5. HP: 31/32 MP: 5/5
  1413 | D:3      | Noticed Natasha
  1421 | D:3      | 1421 ||| RETREEEEATING.
  1422 | D:3      | 1422 ||| RETREEEEATING.
  1427 | D:3      | 1427 ||| RETREEEEATING.
  1428 | D:3      | 1428 ||| RETREEEEATING.
  1429 | D:3      | 1429 ||| RETREEEEATING.
  1430 | D:3      | 1430 ||| RETREEEEATING.
  1431 | D:3      | 1431 ||| RETREEEEATING.
  1433 | D:3      | 1433 ||| RETREEEEATING.
  1442 | D:3      | Killed Natasha
  1550 | D:3      | Noticed Natasha
  1554 | D:3      | Killed Natasha
  1605 | D:3      | Noticed Sigmund
  1611 | D:3      | 1611 ||| DRINKING red potion.
  1612 | D:3      | Killed Sigmund
  1613 | D:3      | Reached XP level 6. HP: 40/40 MP: 6/6
  1731 | D:3      | Found a shimmering blue altar of Sif Muna.
  1733 | D:3      | Found a white marble altar of Elyvilon.
  1824 | D:3      | 1824 ||| UPGRADING to +1 pair of gloves.
  1829 | D:3      | 1829 ||| UPGRADING to +0 cloak.
  1834 | D:3      | 1834 ||| UPGRADING to +1 helmet.
  1839 | D:3      | 1839 ||| UPGRADING to ring of protection from fire.
  1841 | D:3      | 1841 ||| DROPPING ring of magical power.
  1842 | D:3      | 1842 ||| READING scroll of identify.
  1842 | D:3      | 1842 ||| IDENTIFYING ruby potion
  1928 | D:4      | 1928 ||| FLEEEEING.
  1935 | D:4      | 1935 ||| STAIRDANCE
  1959 | D:4      | Reached XP level 7. HP: 44/44 MP: 7/7
  2028 | D:4      | Found a staircase to the Ecumenical Temple.
  2029 | D:4      | 2029 ||| PLANNING TEMPLE
  2036 | Temple   | Entered the Ecumenical Temple
  2037 | Temple   | 2037 ||| PLANNING OKAWARU WORSHIP
  2058 | Temple   | Became a worshipper of Warmaster Okawaru
  2059 | Temple   | 2059 ||| PLANNING D:1-11
  2090 | D:4      | Identified the +7 dagger of Context {elec, rElec Will+
                  | Stlth-}
  2212 | D:4      | HP: 6/44 [acid dragon/splash of acid (24)]
  2212 | D:4      | HP: 1/44 [acid dragon (5)]
  2214 | D:4      | 2214 ||| FLEEEEING.
  2215 | D:4      | 2215 ||| FLEEEEING.
  2216 | D:4      | 2216 ||| FLEEEEING.
  2222 | D:4      | 2222 ||| STAIRDANCE
  2416 | D:3      | 2416 ||| READING scroll labelled WAWURA REIL.
  2617 | D:4      | 2617 ||| UPGRADING to scarf of resistance.
  2634 | D:5      | Entered Level 5 of the Dungeon
  2642 | D:5      | Reached skill level 7 in Ranged Weapons
  2696 | D:5      | Reached * piety under Okawaru
  2707 | D:5      | Reached skill level 1 in Invocations
  2716 | D:5      | 2716 ||| FLEEEEING.
  2720 | D:5      | 2720 ||| STAIRDANCE
  2793 | D:4      | 2793 ||| UPGRADING to +5 ring of evasion.
  2795 | D:4      | 2795 ||| DROPPING +6 ring of strength.
  2796 | D:4      | 2796 ||| UPGRADING to +4 ring of protection.
  2846 | D:5      | 2846 ||| RETREEEEATING.
  2847 | D:5      | 2847 ||| RETREEEEATING.
  2848 | D:5      | 2848 ||| RETREEEEATING.
  2848 | D:5      | HP: 7/44 [orc priest/divine providence (12)]
  2849 | D:5      | 2849 ||| RETREEEEATING.
  2850 | D:5      | 2850 ||| RETREEEEATING.
  2851 | D:5      | 2851 ||| RETREEEEATING.
  2852 | D:5      | Killed from afar by an orc priest

Levels and vault maps discovered:
D:1:      nagdon_arrival_double_spiral, layout_rooms, serial_shops, shop,
          hellmonk_ecumenical_altar_inner_sanctum
D:2:      layout_rooms, uniq_jessica
D:3:      minmay_skewed_foursquare, layout_rooms,
          nicolae_overflow_hidden_temple, nicolae_wormholes, uniq_natasha,
          uniq_crazy_yiuf_cottage, uniq_sigmund
D:4:      layout_cave_pools, minmay_temple_entry_mini_moons
D:5:      layout_rooms, nicolae_tso_besieged_by_evil, nzn_wu_jian_contemplation,
          nicolae_ru_awakened_eye, glass_columns_b, guppyfry_early_orc_mine,
          uniq_edmund
Temple:   minmay_temple_forest_path

Skill      XL: |  1  2  3  4  5  6  7 |
---------------+----------------------+-----
Ranged Weapons | 5 6 7 |  7.3
Fighting       | 3 5 |  5.4
Armour         | 2 |  2.0
Dodging        | 2 |  2.6
Invocations    | 1 |  1.2
Stealth        | |  1.1

Action                     |  1- 3 |  4- 6 |  7- 9 || total
---------------------------+-------+-------+-------++-------
   Fire: Shortbow          |    71 |   146 |   119 ||   336
    Use: Scroll            |     3 |     5 |     1 ||     9
         Potion            |       |     1 |       ||     1
 Armour: Leather armour    |     7 |    48 |    81 ||   136
  Dodge: Dodged            |     4 |    40 |    92 ||   136

Table legend:
 A = Non-vault XP
 B = Vault XP
 C = Vault XP percentage of total XP
 D = Non-vault monster count
 E = Vault monster count
 F = Vault count percentage of total count
                 A         B        C        D         E       F
            +---------+---------+-------+---------+---------+-------
      Total |     809 |     456 |  36.0 |      63 |      15 |  19.2
            +---------+---------+-------+---------+---------+-------
        D:1 |      29 |       0 |   0.0 |      16 |       0 |   0.0
        D:2 |      19 |      37 |  66.1 |      12 |       1 |   7.7
        D:3 |     153 |     270 |  63.8 |      18 |      10 |  35.7
        D:4 |     307 |       4 |   1.3 |      14 |       1 |   6.7
        D:5 |     301 |     145 |  32.5 |       3 |       3 |  50.0
            +---------+---------+-------+---------+---------+-------
